 Dungeon Crawl Stone Soup version bcrawl-1.17.3 (webtiles) character file.

Game seed: 13185320730346210892

65 Lanoc the Slasher (level 3, -1/33 HPs)
             Began as a Djinni Berserker on Oct 24, 2019.
             Was a Follower of Trog.
             Slain by a goblin
             ... wielding a cursed -1 club
             ... led by Robin
              (2 damage)
             ... on level 2 of the Dungeon.
             The game lasted 00:01:49 (872 turns).

Lanoc the Slasher (Djinni Berserker)                 Turns: 872, Time: 00:01:49

Health: -1/33      AC:  2    Str: 19    XL:     3   Next: 92%
Magic:  3/3        EV: 12    Int: 14    God:    Trog [*.....]
Gold:   50         SH:  1    Dex: 11    Spells: 2/2 levels left

rFire    . . .     SeeInvis .   a - +0 falchion
rCold    . . .     Gourm    .   (no shield)
rNeg     . . .     Faith    .   b - +0 animal skin
rPois    .         Spirit   .   (no helmet)
rElec    .         Reflect  .   (no cloak)
rCorr    .         Harm     .   (no gloves)
MR       .....     Rnd*Rage +   (boots unavailable)
Stlth    +.........             (no amulet)
HPRegen  0.11/turn              (no ring)
MPRegen  0.08/turn              (no ring)

@: brilliant, berserk cooldown, flying, slowed, very slow
A: never pass out, berserk 2, blurry vision 2, wild magic 1, MP-powered wands,
floating
a: Berserk, Renounce Religion


You were on level 2 of the Dungeon.
You worshipped Trog.
Trog was aware of your devotion.
You were hungry.

You visited 1 branch of the dungeon, and saw 2 of its levels.

You collected 50 gold pieces.

Inventory:

Hand Weapons
 a - a +0 falchion (weapon)
Armour
 b - a +0 animal skin (worn)
Scrolls
 d - a scroll of fog {unknown}
 f - 2 scrolls of magic mapping {unknown}
 g - a scroll of enchant weapon {unknown}
 h - a scroll of enchant armour {unknown}
 i - 2 scrolls of blinking {unknown}
 j - a scroll of immolation {unknown}
Potions
 e - a potion of heal wounds {unknown}
Comestibles
 c - 2 rations {!d}


   Skills:
 + Level 3.7 Fighting
 * Level 4.2 Long Blades
 + Level 2.3 Armour
 + Level 2.6 Dodging


You had 2 spell levels left.
You didn't know any spells.
Your spell library was empty.

Dungeon Overview and Level Annotations

Branches:
Dungeon (2/12)

Altars:
Sif Muna


Innate Abilities, Weirdness & Mutations

You never pass out after going berserk.
You often lose your temper in combat.
Scrolls take you longer to read.
Your spells are a little harder to cast, but a little more powerful.
You expend magic power (3 MP) to strengthen your wands.
Your body floats in the air.


Message History

* * * LOW HITPOINT WARNING * * *
You slash the goblin!
You kill the goblin!
Trog accepts your kill. The goblin closely misses you.
You slash the goblin!
You kill the goblin!
Trog accepts your kill. The goblin closely misses you.
You closely miss the goblin.
You are no longer berserk.
You are exhausted.
You feel yourself slow down.
As your rage ends, you feel a sudden clarity.
You barely miss the goblin.
A goblin comes into view. It is wielding a +0 dagger.
The goblin misses you.
A goblin comes into view. It is wielding a +0 club.
The goblin hits you with a cursed -1 club.
You die...

##### #...# #..[#
###...# #..... ..
#....# ..... #....# #
..... #....####.g#..
.....####.†)))@).g....
............)..g.!....
...........).........
.# #......###......#.#
#.#####....#
#........#
##.....#....#
#.....#...
...###.#....#
#.....#...
....(#.#....# #.....#
.. .....#.#÷...# ...#


You could see 3 goblins.

Vanquished Creatures
  Robin (D:2)
  3 adders (D:2)
  A worm (D:2)
  A dart slug (D:1)
  A leopard gecko (D:2)
  A ball python (D:1)
  4 hobgoblins
  2 bats (D:2)
  A frilled lizard (D:2)
  4 goblins (D:2)
  2 kobolds (D:1)
  2 rats
23 creatures vanquished.

Notes
Turn   | Place    | Note
-------+----------+-------------------------------------------
     0 | D:1      | Lanoc the Djinni Berserker began the quest for the Orb.
     0 | D:1      | Reached XP level 1. HP: 19/19 MP: 1/1
   372 | D:2      | Reached XP level 2. HP: 26/26 MP: 2/2
   657 | D:2      | Found a shimmering blue altar of Sif Muna.
   678 | D:2      | Reached XP level 3. HP: 20/31 MP: 3/3
   757 | D:2      | Reached skill level 4 in Long Blades
   851 | D:2      | Noticed Robin
   861 | D:2      | Killed Robin
   867 | D:2      | HP: 1/49 [goblin[Robin] (4)]
   872 | D:2      | Slain by a goblin

Skill      XL: |  1  2  3 |
---------------+----------+-----
Armour         | 2 |  2.3
Long Blades    | 4 |  4.2
Fighting       | |  3.7
Dodging        | |  2.6

Action                   || total
-------------------------++-------
Melee: Falchion          ||    71
Invok: Berserk           ||     2
  Eat: Chunk             ||     1
Armor: Animal skin       ||    15
Dodge: Dodged            ||    57
